 Dungeon Crawl Stone Soup version 0.28.0 (webtiles) character file.

Game seed: 6234732873467320849

7487 fiver49 the Thaumaturge (level 10, -3/70 HPs)
             Began as a Green Draconian Summoner on Feb 5, 2022.
             Was an Initiate of Gozag.
             Slain by a meliai simulacrum (14 damage)
             ... on level 11 of the Dungeon.
             The game lasted 00:54:52 (16331 turns).

fiver49 the Thaumaturge (Green Draconian Summoner) Turns: 16331, Time: 00:55:00

Health: -3/70      AC:  8    Str: 11    XL:     10   Next: 94%
Magic:  14/25      EV: 12    Int: 19    God:    Gozag
Gold:   928        SH:  0    Dex: 12    Spells: 12/31 levels left

rFire   . . .      SeeInvis +   q - +9 spear "Kibomm" {vorpal, rPois Will+}
rCold   . . .      Faith    .   (no shield)
rNeg    . . .      Spirit   .   (armour unavailable)
rPois   +          Reflect  .   (helmet restricted)
rElec   .          Harm     .   k - scarf {+Inv}
rCorr   .          Rampage  .   x - +0 pair of gloves
Will    +....                   (no boots)
Stlth   ++........              (no amulet)
HPRegen 0.21/turn               h - ring of wizardry
MPRegen 0.19/turn               C - ring of see invisible

@: no status effects
A: breathe noxious fumes, AC +7, unfitting armour, poison resistance,
cold-blooded
a: Breathe Noxious Fumes, Renounce Religion, Evoke Invisibility, Potion
Petition, Call Merchant, Bribe Branch


You were on level 11 of the Dungeon.
You worshipped Gozag.
Gozag was pleased with you.
You visited 1 branch of the dungeon, and saw 11 of its levels.

You collected 1452 gold pieces.
You spent 496 gold pieces at shops.
You paid 28 gold pieces to Gozag.

Inventory:

Hand Weapons
 f - a +1 dagger of holy wrath
   (You took it off a kobold on level 1 of the Dungeon)
 q - the +9 spear "Kibomm" (weapon) {vorpal, rPois Will+}
   (You found it on level 4 of the Dungeon)

   It inflicts extra damage upon your enemies.
   rPois:     It protects you from poison.
   Will:      It increases your willpower.
 F - a +0 spear of flaming
   (You took it off a gnoll sergeant on level 8 of the Dungeon)
Missiles
 b - 20 boomerangs of dispersal
 p - 9 poisoned darts
Armour
 k - a scarf of invisibility (worn)
   (You found it on level 2 of the Dungeon)
 x - a +0 pair of gloves (worn)
   (You found it on level 6 of the Dungeon)
 G - a +0 kite shield
   (You took it off a gnoll sergeant on level 8 of the Dungeon)
Jewellery
 h - a ring of wizardry (left hand)
   (You found it on level 1 of the Dungeon)
 n - a ring of positive energy
   (You found it on level 3 of the Dungeon)
 o - a +6 ring of dexterity
   (You found it on level 3 of the Dungeon)
 C - a ring of see invisible (right hand)
   (You found it on level 7 of the Dungeon)
Wands
 y - a wand of paralysis (9)
   (You found it on level 6 of the Dungeon)
 D - a wand of iceblast (14)
   (You found it on level 7 of the Dungeon)
 H - a wand of digging (6)
   (You found it on level 9 of the Dungeon)
 K - a wand of mindburst (5)
   (You found it on level 10 of the Dungeon)
 M - a wand of polymorph (5)
   (You found it on level 11 of the Dungeon)
Scrolls
 c - 7 scrolls of blinking
 e - 2 scrolls of teleportation
 i - 5 scrolls of immolation
 j - a scroll of torment {unknown}
 m - 2 scrolls of fog {unknown}
 r - 3 scrolls of fear
 s - 2 scrolls of vulnerability {unknown}
 v - 2 scrolls of brand weapon
 A - 2 scrolls of enchant weapon {unknown}
 E - a scroll of magic mapping {unknown}
Potions
 l - 5 potions of curing
 t - a potion of attraction {unknown}
 u - 2 potions of berserk rage {unknown}
 w - 3 potions of lignification
 z - a potion of brilliance {unknown}
 B - 2 potions of invisibility {unknown}
 I - a potion of mutation {unknown}
 J - a potion of cancellation {unknown}
 L - 2 potions of heal wounds


   Skills:
 + Level 0.6 Fighting
 + Level 1.9 Dodging
 + Level 2.0 Stealth
 + Level 0.5 Shields
 * Level 11.1 Spellcasting
 * Level 7.1 Conjurations
 * Level 9.4 Summonings
 - Level 2.0 Air Magic
 - Level 4.0 Poison Magic


You had 12 spell levels left.
You knew the following spells:

 Your Spells              Type           Power      Damage    Failure   Level
a - Summon Small Mammal   Summ           100%       N/A       1%          1
b - Call Imp              Summ           46%        N/A       1%          2
c - Ensorcelled Hibernat  Hex/Ice        20%        N/A       4%          2
d - Stone Arrow           Conj/Erth      48%        3d10      1%          3
e - Summon Lightning Spi  Summ/Air       32%        N/A       2%          4
f - Ignite Poison         Fire/Tmut/Pois 15%        N/A       4%          3
g - Olgreb's Toxic Radia  Pois           26%        N/A       4%          4

Your spell library contained the following spells:

 Spells                   Type           Power      Damage    Failure   Level
 Poisonous Vapours        Pois/Air       44%        N/A       1%          2
 Call Canine Familiar     Summ           46%        N/A       1%          3
 Dazzling Flash           Conj/Hex       48%        N/A       1%          3
 Summon Guardian Golem    Hex/Summ       28%        N/A       1%          3
 Sandblast                Erth           20%        2d7       2%          1
 Slow                     Hex            40%        N/A       2%          1
 Spider Form              Tmut/Pois      18%        N/A       3%          3
 Passwall                 Tmut/Erth      8%         N/A       4%          2
 Confusing Touch          Hex            10%        N/A       9%          3
 Vampiric Draining        Necr           10%        2d6       9%          3
 Anguish                  Hex/Necr       5%         N/A       26%         4
 Silence                  Hex/Air        7%         N/A       43%         5
 Agony                    Necr           10%        N/A       56%         5


Dungeon Overview and Level Annotations

Branches:
Dungeon (11/15)            Temple (0/1) D:6
   Lair: D:8-11         Orc: D:9-12

Altars:
Ashenzari
Dithmenos
Gozag
Okawaru
Vehumet
Yredelemnul
The Shining One

Shops:
D:6 =   D:7 *   D:9 [   D:11 !

Annotations:
D:5 exclusion: ogre
D:8 exclusions: death knight and wraith
D:9 exclusions: two-headed ogre and 5 more exclusions


Innate Abilities, Weirdness & Mutations

You can breathe blasts of noxious fumes.
Your lurid green scales are hard. (AC +7)
You cannot fit into any form of body armour.
Your system is resistant to poisons. (rPois)
You are cold-blooded and may be slowed by cold attacks.


Message History

Aim: a hornet (moderately wounded, ally target, chance to affect: 35%)
The hornet looks drowsy...
Your crimson imp hits the hornet.
The hornet buzzes angrily.
Casting: Ensorcelled Hibernation (safe; 4% risk of failure)
Confirm with . or Enter, or press ? or * to list all spells.
Aiming: Ensorcelled Hibernation (safe; 4% risk of failure)
Press: ? - help, Shift-Dir - straight line, f - you, p - hornet
Okay, then.
You hit the hornet but do no damage.
The hornet is heavily wounded.
The hornet barely misses you. x2
Your crimson imp hits the hornet but does no damage.
The hornet stings you!
Casting: Ensorcelled Hibernation (safe; 4% risk of failure)
Confirm with . or Enter, or press ? or * to list all spells.
Okay, then.
Casting: Ensorcelled Hibernation (safe; 4% risk of failure)
Confirm with . or Enter, or press ? or * to list all spells.
Aiming: Stone Arrow (safe; 1% risk of failure)
Press: ? - help, Shift-Dir - straight line, f/p - hornet
Aim: a hornet (heavily wounded, ally target, 57% to hit)
The stone arrow hits the hornet!
The hornet is almost dead.
The hornet misses you.
Your crimson imp misses the hornet.
The hornet stings you!
Your crimson imp blinks!
Your lightning spire shoots out a bolt of lightning at the hornet!
The bolt of electricity hits the hornet!
The hornet dies!
The centaur warrior zombie misses you.
The centaur warrior zombie kicks you but does no damage.
You are too injured to fight recklessly!
You hit the centaur warrior zombie.
The centaur warrior zombie is lightly damaged.
You feel yourself speed up.
The centaur warrior zombie barely misses you.
The centaur warrior zombie kicks you.
Your lightning spire shoots out a bolt of lightning at the centaur warrior zombie!
The bolt of electricity hits the centaur warrior zombie!
The centaur warrior zombie closely misses you.
The centaur warrior zombie kicks you but does no damage.
Your crimson imp hits the centaur warrior zombie.
You hit the centaur warrior zombie.
The centaur warrior zombie is moderately damaged.
The centaur warrior zombie hits you. The centaur warrior zombie kicks you.
Your crimson imp hits the centaur warrior zombie.
Your lightning spire shoots out a bolt of lightning at the centaur warrior zombie!
The bolt of electricity hits the centaur warrior zombie!
The centaur warrior zombie hits you.
The centaur warrior zombie kicks you but does no damage.
You puncture the centaur warrior zombie!
The centaur warrior zombie is heavily damaged.
The centaur warrior zombie hits you!
* * * LOW HITPOINT WARNING * * *
The centaur warrior zombie kicks you but does no damage.
Your crimson imp hits the centaur warrior zombie.
Your lightning spire shoots out a bolt of lightning at the centaur warrior zombie!
The bolt of electricity hits the centaur warrior zombie!
You hit the centaur warrior zombie.
The centaur warrior zombie is severely damaged.
The centaur warrior zombie hits you.
* * * LOW HITPOINT WARNING * * *
The centaur warrior zombie kicks you but does no damage.
Your crimson imp hits the centaur warrior zombie but does no damage.
Your lightning spire shoots out a bolt of lightning at the centaur warrior zombie!
The bolt of electricity hits the centaur warrior zombie!
The centaur warrior zombie hits your crimson imp.
The centaur warrior zombie barely misses your crimson imp.
You hit the centaur warrior zombie.
The centaur warrior zombie is almost destroyed.
Your crimson imp hits the centaur warrior zombie but does no damage.
The centaur warrior zombie hits you.
* * * LOW HITPOINT WARNING * * *
The centaur warrior zombie closely misses you.
Your lightning spire shoots out a bolt of lightning at the centaur warrior zombie!
The bolt of electricity hits the centaur warrior zombie!
The centaur warrior zombie is destroyed!
The bolt of electricity hits your lightning spire.
Your lightning spire completely resists.
Your Stealth skill increases to level 2!
You start resting.
Your lightning spire disappears in a puff of smoke!
A meliai simulacrum comes into view.
Things that are here:
a +0 flail; a +0 ring mail The meliai simulacrum hits your crimson imp.
The meliai simulacrum freezes your crimson imp!!
Your crimson imp is frozen!
Your crimson imp dies!
Your crimson imp disappears in a puff of smoke!
The meliai simulacrum barely misses you. x2
Casting: Stone Arrow (safe; 1% risk of failure)
Confirm with . or Enter, or press ? or * to list all spells.
A beastly little devil appears in a puff of flame.
The meliai simulacrum hits you but does no damage.
The meliai simulacrum hits you.
* * * LOW HITPOINT WARNING * * *
The meliai simulacrum freezes you!
You die...
Your body crumbles into a pile of gold.

#.#####.# #..# #.## ##.#
#..# #.# ##.## P. #..
#.# #..# ...#. #..
#.######.### P.#. #.#
#.##...))..# ....#.#
#.##.#).)#.# #..#.######
#@##..#)#..#
#..#......###Z#....∩...#
#.......))....5...#.#..#
#...$...).#......#...#.#
#...$#######...........#
#....# #......######
#....# #.....># #Z...#
######## #..###


You could see a meliai simulacrum (ally target) and a friendly crimson imp
(summoned).

Vanquished Creatures
  Maggie (D:6)
  A troll (D:9)
  A hornet (D:9)
  Prince Ribbit (D:8)
  6 slime creatures (D:10)
  A vampire (D:10)
  A shadow (D:11)
  A water moccasin (D:7)
  2 orc warriors
  4 ice beasts
  3 black bears
  An ogre (D:5)
  3 wolves (D:9)
  A kobold brigand (D:6)
  2 bullfrogs
  2 scorpions (D:5)
  A wyvern zombie (D:9)
  2 gnoll sergeants
  A water moccasin skeleton (D:6)
  3 killer bees (D:8)
  5 wights (D:7)
  A howler monkey (D:9)
  A bullfrog zombie (D:5)
  2 centaur zombies
  3 orc priests
  7 hounds
  Jessica (D:3)
  2 iguanas
  A scorpion zombie (D:5)
  4 orc wizards
  A killer bee zombie (D:8)
  A howler monkey zombie (D:5)
  12 gnolls
  3 adders
  A shadow imp (D:7)
  2 white imps
  A worm (D:2)
  A dart slug (D:3)
  23 orcs
  3 endoplasms (D:1)
  4 giant cockroaches
  7 goblins
  5 hobgoblins
  2 jackals (D:1)
  6 kobolds
  A quokka (D:4)
  3 ball pythons
  A bat (D:1)
  4 frilled lizards
  3 rats (D:1)
149 creatures vanquished.

Vanquished Creatures (collateral kills)
  A centaur zombie (D:11)
  A hornet (D:11)
  2 slime creatures (D:10)
  Grum (D:10)
  An orc warrior (D:9)
  4 wolves
  A centaur (D:10)
  A kobold brigand (D:6)
  A bullfrog (D:8)
  A scorpion (D:7)
  An electric eel (D:9)
  An orc priest (D:4)
  2 hounds (D:9)
  A gnoll shaman (D:7)
  4 orc wizards
  5 adders
  5 gnolls
  11 orcs
  4 bats
  3 endoplasms
  A giant cockroach (D:2)
  8 goblins
  2 hobgoblins (D:1)
  2 jackals (D:1)
  2 quokkas (D:1)
  2 frilled lizards
  5 kobolds
  2 rats (D:1)
75 creatures vanquished.

Vanquished Creatures (others)
  6 plants
6 creatures vanquished.

Grand Total: 230 creatures vanquished

Notes
Turn   | Place    | Note
-------+----------+-------------------------------------------
     0 | D:1      | fiver49 the Draconian Summoner began the quest for the Orb.
     0 | D:1      | Reached XP level 1. HP: 14/14 MP: 3/3
    62 | D:1      | HP: 1/14 [hobgoblin/stone (4)]
   498 | D:1      | Reached XP level 2. HP: 20/20 MP: 1/5
  1861 | D:1      | Reached skill level 3 in Spellcasting
  1861 | D:1      | Reached XP level 3. HP: 17/26 MP: 3/7
  2011 | D:1      | Learned a level 2 spell: Call Imp
  2489 | D:1      | HP: 3/26 [something/puff of flame (4)]
  2836 | D:2      | Found a basalt altar of Yredelemnul.
  3385 | D:2      | Reached XP level 4. HP: 29/33 MP: 7/9
  3692 | D:2      | Found a faded altar of an unknown god.
  4086 | D:3      | Noticed Jessica
  4329 | D:3      | Learned a level 2 spell: Ensorcelled Hibernation
  4420 | D:3      | Killed Jessica
  4421 | D:3      | Reached skill level 4 in Spellcasting
  4799 | D:3      | Reached XP level 5. HP: 36/38 MP: 9/11
  5076 | D:4      | Found an opulent altar of Gozag.
  5076 | D:4      | Found a glowing golden altar of the Shining One.
  5076 | D:4      | Found a radiant altar of Vehumet.
  5095 | D:4      | Became a worshipper of Gozag Ym Sagoz the Greedy
  5119 | D:4      | Identified the +9 spear "Kibomm" {vorpal, rPois Will+}
  5345 | D:3      | Reached skill level 5 in Summonings
  5699 | D:4      | Reached skill level 5 in Spellcasting
  5699 | D:4      | Reached XP level 6. HP: 45/45 MP: 11/13
  6264 | D:5      | Entered Level 5 of the Dungeon
  6314 | D:5      | Found an iron altar of Okawaru.
  6407 | D:5      | Noticed an ice beast
  6417 | D:5      | Killed an ice beast
  6418 | D:5      | Reached skill level 6 in Spellcasting
  6418 | D:5      | Your scales start taking on a lurid green colour.
  6418 | D:5      | Reached XP level 7. HP: 50/50 MP: 11/16
  6418 | D:5      | Gained mutation: Your system is resistant to poisons.
                  | (rPois) [Green Draconian growth]
  6782 | D:5      | Reached skill level 1 in Conjurations
  6782 | D:5      | Reached skill level 6 in Summonings
  7400 | D:6      | Found Yhud's Jewellery Shoppe.
  7435 | D:6      | Reached skill level 2 in Conjurations
  7440 | D:6      | Learned a level 3 spell: Stone Arrow
  7554 | D:6      | Reached skill level 7 in Spellcasting
  7554 | D:6      | Reached XP level 8. HP: 48/57 MP: 13/18
  7731 | D:6      | Noticed Maggie
  7885 | D:6      | Reached skill level 3 in Conjurations
  8100 | D:6      | HP: 9/57 [Maggie/bolt of fire (15)]
  8101 | D:6      | Killed Maggie
  8102 | D:6      | Reached skill level 8 in Spellcasting
  8102 | D:6      | Reached skill level 7 in Summonings
  8638 | D:6      | Found a staircase to the Ecumenical Temple.
  8783 | D:7      | Reached skill level 4 in Conjurations
  8964 | D:7      | Reached skill level 1 in Air Magic
  8968 | D:7      | Reached XP level 9. HP: 60/62 MP: 18/21
  9165 | D:7      | Found a broken altar of Ashenzari.
  9177 | D:7      | Found a shadowy altar of Dithmenos.
  9313 | D:7      | Found Geokha's Serpentskin Sales.
  9319 | D:7      | Reached skill level 2 in Air Magic
  9345 | D:7      | Bought Cabisy's Reference Book on Contamination for 288
                  | gold pieces
  9350 | D:7      | Learned a level 4 spell: Summon Lightning Spire
  9354 | D:7      | Learned a level 3 spell: Ignite Poison
  9710 | D:8      | Reached skill level 9 in Spellcasting
  9984 | D:8      | Noticed Prince Ribbit
  9990 | D:8      | Killed Prince Ribbit
  9991 | D:8      | Reached skill level 5 in Conjurations
 10061 | D:8      | Noticed a death knight
 10102 | D:8      | Reached skill level 8 in Summonings
 11020 | D:9      | Found Doduecw's Antique Armour Shoppe.
 11832 | D:9      | Reached XP level 10. HP: 62/69 MP: 21/23
 11902 | D:9      | Reached skill level 10 in Spellcasting
 12108 | D:9      | Learned a level 4 spell: Olgreb's Toxic Radiance
 12117 | D:9      | HP: 12/69 [electric eel/bolt of electricity (10)]
 12691 | D:9      | Reached skill level 6 in Conjurations
 12866 | D:9      | Reached skill level 1 in Poison Magic
 13041 | D:9      | HP: 14/69 [electric eel/bolt of electricity (7)]
 13396 | D:9      | Noticed a two-headed ogre
 13545 | D:10     | Entered Level 10 of the Dungeon
 13569 | D:9      | HP: 16/69 [slime creature (15)]
 13575 | D:10     | HP: 1/69 [slime creature (9)]
 14581 | D:10     | Reached skill level 2 in Poison Magic
 14744 | D:10     | Reached skill level 9 in Summonings
 14878 | D:10     | Reached skill level 3 in Poison Magic
 15101 | D:10     | HP: 15/69 [slime creature (6)]
 15118 | D:10     | HP: 8/69 [slime creature (11)]
 15507 | D:10     | Noticed Grum
 15603 | D:10     | Killed Grum
 15870 | D:10     | Reached skill level 11 in Spellcasting
 16114 | D:11     | Found Maoqer's Distillery.
 16164 | D:11     | Bought a potion of lignification for 39 gold pieces
 16164 | D:11     | Bought a potion of curing for 39 gold pieces
 16164 | D:11     | Bought a potion of heal wounds for 65 gold pieces
 16164 | D:11     | Bought a potion of heal wounds for 65 gold pieces
 16191 | D:11     | Reached skill level 7 in Conjurations
 16191 | D:11     | Reached skill level 4 in Poison Magic
 16295 | D:11     | HP: 15/69 [centaur warrior zombie (4)]
 16298 | D:11     | Reached skill level 2 in Stealth
 16331 | D:11     | HP: 11/70 [meliai simulacrum (6)]
 16331 | D:11     | Slain by a meliai simulacrum

Illustrated notes

Levels and vault maps discovered:
D:1:      dpeg_arrival_morbid_curiosity, layout_loops_ring, glass_columns_c,
          minmay_close_crescents
D:2:      layout_basic, ebering_ecumenical_altar_webs, basic_altar
D:3:      layout_basic, uniq_jessica
D:4:      layout_loops_cross, gammafunk_temple_overflow_forgotten,
          nrook_mini_backslash
D:5:      layout_cave_pods, mainiacjoe_overflow_brackets
D:6:      mumra_celtic_spiral_tile, layout_rooms,
          minmay_temple_entry_purple_smoke, serial_shops,
          nicolae_shop_behind_doors, minmay_unpleasant_kobolds, uniq_maggie
D:7:      layout_cave_pools, gammafunk_temple_overflow_pools,
          guppyfry_shop_venom
D:8:      layout_loops_ring, uniq_prince_ribbit1
D:9:      layout_loops_corners, erik_lair_island, serial_shops, kennysheep_mini,
          minmay_misc_feat_roman
D:10:     layout_stronghold, uniq_grum
D:11:     minmay_the_grid_3x2 [minmay_the_grid_mess,
          minmay_the_grid_outer_diamond, minmay_the_grid_plusring,
          minmay_the_grid_gridbox, minmay_the_grid_garden,
          minmay_the_grid_prize_big_room], layout_rooms,
          kennysheep_orc_monster_closet_entryway, serial_shops,
          nicolae_shop_advertising_works [nicolae_subvault_shop_adworks],
          uniq_erolcha

Skill      XL: |  1  2  3  4  5  6  7  8  9 10 |
---------------+-------------------------------+-----
Spellcasting   | 3 4 5 6 7 8 9 11 | 11.1
Summonings     | 5 6 7 8 9 |  9.4
Conjurations   | 2 4 5 7 |  7.1
Air Magic      | 1 2 |  2.0
Poison Magic   | 4 |  4.0
Stealth        | 2 |  2.0
Fighting       | |  0.6
Dodging        | |  1.9
Shields        | |  0.5

Action                   |  1- 3 |  4- 6 |  7- 9 | 10-12 || total
-------------------------+-------+-------+-------+-------++-------
Melee: Unarmed           |     3 |       |       |       ||     3
       Dagger            |   145 |    46 |       |       ||   191
       Tailslap          |    13 |    12 |    23 |    15 ||    63
       Spear             |       |    31 |   232 |    87 ||   350
       Punch             |       |     1 |     4 |     2 ||     7
Throw: Boomerang         |     1 |       |       |       ||     1
 Cast: Summon Small Mamm |    31 |    14 |    23 |     8 ||    76
       Call Imp          |    15 |    25 |    38 |    31 ||   109
       Stone Arrow       |       |       |    17 |    20 ||    37
       Ensorcelled Hiber |       |       |     2 |     7 ||     9
       Ignite Poison     |       |       |     2 |     2 ||     4
       Summon Lightning  |       |       |     1 |    14 ||    15
       Olgreb's Toxic Ra |       |       |       |     3 ||     3
 Abil: Breathe Noxious F |       |       |     4 |     3 ||     7
Evoke: Wand              |       |       |     1 |       ||     1
  Use: Scroll            |       |       |     7 |     1 ||     8
 Stab: Sleeping          |     5 |     1 |     6 |       ||    12
       Distracted        |     1 |     2 |     6 |     1 ||    10
       Confused          |       |       |     2 |       ||     2
       Paralysed         |       |       |     1 |       ||     1
Armor: Skin              |    35 |    23 |    59 |    38 ||   155
Dodge: Dodged            |   104 |    45 |   113 |    72 ||   334

Table legend: (Time is in decaauts)
 A = Elapsed time spent in this place.
 B = Non-inter-level travel time spent in this place.
 C = Inter-level travel time spent in this place.
 D = Time resting spent in this place.
 E = Time spent auto-exploring this place.
 F = Levels seen in this place.
 G = Mean time per level.
                   A        B        C        D        E       F      G
               +--------+--------+--------+--------+--------+-----+--------+
         Total |  16385 |  15687 |    698 |   2066 |  10749 |  11 | 1489.5 |
       Dungeon |  16385 |  15687 |    698 |   2066 |  10749 |  11 | 1489.5 |
               +--------+--------+--------+--------+--------+-----+--------+

Top non-repeatable levels by time:
     D:9: 3577 daAuts
     D:1: 2724 daAuts
    D:10: 1735 daAuts
     D:2: 1408 daAuts
     D:6: 1343 daAuts
     D:8: 1261 daAuts
     D:3: 1178 daAuts
     D:5: 1135 daAuts
     D:4: 958 daAuts
     D:7: 815 daAuts
    D:11: 246 daAuts

Table legend:
 A = Kills in this place as a percentage of kills in entire the game.
 B = Kills by you in this place as a percentage of kills by you in the entire game.
 C = Kills by friends in this place as a percentage of kills by friends in the entire game.
 D = Other kills in this place as a percentage of other kills in the entire game.
 E = Experience gained in this place as a percentage of experience gained in the entire game.
 F = Experience gained in this place divided by the number of levels of this place that you have seen.
                   A       B       C       D       E      F
               +-------+-------+-------+-------+-------+----------------------
         Total | 100.0 | 100.0 | 100.0 | 100.0 | 100.0 | 972.4
       Dungeon | 100.0 | 100.0 | 100.0 | 100.0 | 100.0 | 972.4
               +-------+-------+-------+-------+-------+----------------------
